 Dungeon Sprint DCSS version 0.17.0-28-g6e173f8 (webtiles) character file.

264 Ponchio the Thaumaturge (level 5, -14/28 HPs)
             Began as a Deep Elf Fire Elementalist on Dec 3, 2015.
             Was a Follower of Vehumet.
             Killed from afar by a ynoxinul (16 damage)
             ... with an iron shot
             ... in the Dungeon (Sprint V: "Ziggurat Sprint").
             The game lasted 00:07:17 (162 turns).

Ponchio the Thaumaturge (Deep Elf Fire Elementalist) Turns: 162, Time: 00:07:17

Health: -14/28     AC: 20    Str:  5    XL:     5   Next: 98%
Magic:  20/24      EV: -4    Int: 27    God:    Vehumet [*.....]
Gold:   0          SH:  0    Dex: 27    Spells: 1 memorised, 23 levels left

rFire  . . .     SeeInvis .     I - +6 Majin-Bo {vamp, Archmagi MP+6 Int+6}
rCold  . . .     Clarity  .     J - +15 Maxwell's patent armour {-Cast -Tele rElec MR+ rCorr}
rNeg   . . .     SustAt   .     (shield currently unavailable)
rPois  .         Gourm    .     (no helmet)
rElec  +         Spirit   .     (no cloak)
rCorr  +         Warding  .     (no gloves)
rMut   .         NoTele   +     (no boots)
MR     +....     NoCast   +     (no amulet)
Stlth  ..........               z - +6 ring of dexterity
                                y - +6 ring of dexterity

@: somewhat resistant to hostile enchantments, extremely unstealthy
A: deformed body, low mp 1, MP-powered wands
a: Renounce Religion


You were in the Dungeon.
You worshipped Vehumet.
Vehumet was aware of your devotion.
You were not hungry.

You visited 1 branch

Inventory:

Hand Weapons
 I - the +6 Majin-Bo (weapon) {vamp, Archmagi MP+6 Int+6}
   (You found it in the Dungeon)

   It inflicts no extra harm, but heals its wielder somewhat when it strikes a
   living foe.
   It affects your intelligence (+6).
   It affects your magic capacity (+6).
Armour
 a - a +0 robe
 J - the +15 Maxwell's patent armour (worn) {-Cast -Tele rElec MR+ rCorr}
   (You found it in the Dungeon)

   It insulates you from electricity.
   It affects your resistance to hostile enchantments.
   It prevents spellcasting.
   It prevents most forms of teleportation.
   It protects you from acid and corrosion.
Jewellery
 y - a +6 ring of dexterity (left hand)
 z - a +6 ring of dexterity (right hand)
 A - a +6 ring of intelligence
 B - a +6 ring of intelligence
 C - a +6 ring of strength
 D - a +6 ring of strength
Wands
 E - a wand of disintegration (5)
 F - a wand of fire (4)
 G - a wand of cold (3)
 H - a wand of draining (5)
Scrolls
 i - 4 scrolls of blinking
 p - 4 scrolls of amnesia
 q - 3 scrolls of recharging
 r - 7 scrolls of fog
 s - a scroll of holy word
 t - 5 scrolls of identify
 u - 5 scrolls of remove curse
 v - 2 scrolls of fear
Potions
 d - 8 potions of curing
 e - 9 potions of heal wounds
 f - 6 potions of haste
 g - 7 potions of magic
 h - 3 potions of berserk rage
 j - 2 potions of brilliance
 k - 2 potions of invisibility
 l - 4 potions of resistance
 n - 5 potions of agility
 o - 5 potions of might
Books
 b - a book of Flames

   Spells                             Type                      Level
   a - Flame Tongue                   Conjuration/Fire             1
   b - Throw Flame                    Conjuration/Fire             2
   c - Conjure Flame                  Conjuration/Fire             3
   d - Inner Flame                    Hexes/Fire                   3
   e - Sticky Flame                   Conjuration/Fire             4
   f - Fireball                       Conjuration/Fire             5
 m - a book of Alchemy

   Spells                             Type                      Level
   a - Sublimation of Blood           Necromancy                   2
   b - Ignite Poison                  Fire/Transmutation/Poison    3
   c - Alistair's Intoxication        Transmutation/Poison         4
   d - Condensation Shield            Ice                          4
   e - Petrify                        Transmutation/Earth          4
   f - Irradiate                      Conjuration/Transmutation    5
Comestibles
 c - 5 bread rations
 w - 40 fruits
 x - 4 meat rations


   Skills:
 - Level 2.4 Dodging
 - Level 2.4 Stealth
 + Level 10.3 Spellcasting
 + Level 8.4 Conjurations
 - Level 3.2 Fire Magic
 - Level 8.0 Evocations


You had 23 spell levels left.
You knew the following spells:

 Your Spells              Type           Power        Failure   Level  Hunger
a - Flame Tongue          Conj/Fire      #####        100%        1    None


Dungeon Overview and Level Annotations

Branches:
Dungeon (1/1)

Altars:
Ashenzari
Cheibriados
Dithmenos
Elyvilon
Fedhas
Gozag
Kikubaaqudgha
Makhleb
Nemelex Xobeh
Okawaru
Qazlal
Ru
Sif Muna
Trog
Vehumet
Xom
Yredelemnul
Zin
The Shining One
Beogh
Jiyva
Lugonu


Innate Abilities, Weirdness & Mutations

[Armour fits poorly on your strangely shaped body.]
[Your magical capacity is low (-10% MP).]
[You expend magic power (3 MP) to strengthen your wands.]


Message History

You blow up the quasit!
Vehumet accepts your kill.
You can now gain magical power from killing.
Vehumet offers you knowledge of Shock.
Your Spellcasting skill increases to level 10!
This wand has 5 charges left.
The wretched star glows turbulently.
The orb of energy hits you!
Ouch! That really hurt!
* * * LOW HITPOINT WARNING * * *
Drink which item? (? for menu, Esc to quit)
You feel much better.
The wretched star glows turbulently.
The orb of energy hits you!
Ouch! That really hurt!
* * * LOW HITPOINT WARNING * * *
The ynoxinul gestures at you. The iron shot hits you!
Ouch! That really hurt!
You die...

▓▓▓▓▓▓▓▓▓▓▓▓▓
▓.8©8.▓.8©8.▓
▓.})*.▓.....▓
▓.....▓.[...▓
▓..3..▓.....▓
▓.....▓.)...▓
▓.....▓.....▓
▓..@..▓▓▓▓▓▓▓
▓▓▓▓▓▓▓


You could see a wretched star and a ynoxinul.

Vanquished Creatures
  A naga (D)
  A water moccasin (D)
  A quasit (D)
3 creatures vanquished.

Notes
Turn   | Place    | Note
--------------------------------------------------------------
     0 | D        | Ponchio the Deep Elf Fire Elementalist began the quest for the Orb.
     0 | D        | Reached XP level 1. HP: 10/10 MP: 6/6
     0 | D        | Found a roughly hewn altar of Beogh.
     0 | D        | Found a viscous altar of Jiyva.
     0 | D        | Found a corrupted altar of Lugonu.
     0 | D        | Found a white marble altar of Elyvilon.
     0 | D        | Found a sparkling altar of Nemelex Xobeh.
     1 | D        | Found a burning altar of Makhleb.
     1 | D        | Found an iron altar of Okawaru.
     1 | D        | Found a deep blue altar of Sif Muna.
     1 | D        | Found a radiant altar of Vehumet.
     1 | D        | Found a bloodstained altar of Trog.
     1 | D        | Found a shimmering altar of Xom.
    30 | D        | Became a worshipper of Vehumet
    62 | D        | Reached skill level 8 in Evocations
    62 | D        | Reached XP level 2. HP: 15/15 MP: 9/9
   104 | D        | Entered arena 1.
   104 | D        | Noticed a naga
   104 | D        | Noticed a water moccasin
   106 | D        | Killed a naga
   106 | D        | Reached XP level 3. HP: 12/19 MP: 14/14
   106 | D        | Reached XP level 4. HP: 15/24 MP: 15/15
   113 | D        | Killed a water moccasin
   113 | D        | Reached skill level 9 in Spellcasting
   113 | D        | Reached XP level 5. HP: 28/28 MP: 18/19
   159 | D        | Entered arena 2.
   159 | D        | Noticed a quasit
   159 | D        | Noticed a ynoxinul
   159 | D        | Noticed a wretched star
   161 | D        | Killed a quasit
   161 | D        | Reached * piety under Vehumet
   161 | D        | Offered knowledge of Shock by Vehumet.
   161 | D        | Reached skill level 10 in Spellcasting
   161 | D        | HP: 1/28 [wretched star/orb of energy (22)]
   162 | D        | Killed from afar by a ynoxinul

Action                   |  1- 3 |  4- 6 || total
-------------------------+-------+-------++-------
Melee: Quarterstaff      |       |     4 ||     4
Evoke: Wand              |     1 |     4 ||     5
  Use: Potion            |     1 |     3 ||     4
  Eat: Fruit             |     2 |       ||     2
